 Dungeon Crawl Stone Soup version 0.31.0-9-g3a7656b989 (webtiles) character file.

Game seed: 9406613172424964554

9 Colgate the Poker (level 2, 24/24 HPs)
             Began as a Demonspawn Chaos Knight on Feb 3, 2024.
             Was a Plaything of Xom.
             Quit the game on level 1 of the Dungeon.
             The game lasted 00:00:09 (161 turns).

Colgate the Poker (Demonspawn Chaos Knight)          Turns: 161, Time: 00:00:09

Health: 24/24      AC:  7    Str: 12    XL:     2   Next: 3%
Magic:  2/2        EV: 11    Int: 12    God:    Xom [..*...]
Gold:   25         SH:  0    Dex: 12    Spells: 1/1 levels left

rFire   . . .        a - +0 spear (chaos)
rCold   . . .        (no shield)
rNeg    . . .        b - +2 leather armour
rPois   .            (no helmet)
rElec   .            (no cloak)
rCorr   .            (no gloves)
SInv    .            (no boots)
Will    .....        (no amulet)
Stlth   +            (no ring)
HPRegen 0.24/turn    (no ring)
MPRegen 0.08/turn

%: no passive effects
@: brilliant
A: slimy green scales 1
a: Renounce Religion


You were on level 1 of the Dungeon.
You worshipped Xom.
You were a toy of Xom.
You visited 1 branch of the dungeon, and saw 1 of its levels.

You collected 25 gold pieces.

Inventory:

Hand Weapons
 a - a +0 spear of chaos (weapon)
Armour
 b - a +2 leather armour (worn)
Jewellery
 e - a ring of ice
Scrolls
 c - a scroll of butterflies
 h - a scroll of identify {unknown}
Potions
 d - a potion of brilliance {unknown}
 f - a potion of mutation {unknown}
 g - a potion of curing {unknown}


   Skills:
 - Level 3.0 Fighting
 + Level 3.2 Polearms
 - Level 1.7 Armour
 - Level 0.8 Dodging


You had one spell level left.
You didn't know any spells.
Your spell library contained the following spells:

 Spells                   Type           Power      Damage    Failure   Level
 Freeze                   Ice            0%         1d3       38%         1
 Sting                    Conj/Alch      0%         1d3       38%         1
 Mercury Vapours          Alch/Air       0%         N/A       54%         2
 Frozen Ramparts          Ice            0%         1d1       77%         3
 Hailstorm                Conj/Ice       0%         3d5       77%         3
 Olgreb's Toxic Radiance  Alch           0%         N/A       99%         4


Dungeon Overview and Level Annotations

Branches:
Dungeon (1/15)

Altars:


Innate Abilities, Weirdness & Mutations

You are partially covered in slimy green scales. (AC +2)


Message History

No target in view!
Key pressed, stopping explore.
No target in view!
Key pressed, stopping explore.
No target in view!
Found a whip.
No target in view!
Key pressed, stopping explore.
No target in view!
g - a smoky puce potion No target in view!
h - a scroll labelled FYGUINKUMO No target in view!
A hobgoblin comes into view.
The hobgoblin shouts!
You almost hear Xom's maniacal laughter.
Your eyebrows wriggle.
A hobgoblin is nearby!
You reach to attack!
You hit the hobgoblin.
You kill the hobgoblin!
You see here a staff of air.
No target in view!
Key pressed, stopping explore.
No target in view!
Key pressed, stopping explore.
No target in view!
An endoplasm comes into view.
The endoplasm quivers.
The endoplasm moves out of view.
No target in view!
Found a ring mail.
You see here a +0 pair of gloves.
You see here a hobgoblin corpse.
An endoplasm is nearby!
You reach to attack!
You hit the endoplasm. You burn the endoplasm.
You kill the endoplasm!
You have reached level 2!
Your demonic ancestry asserts itself...
Slimy green scales grow over part of your body.
Are you sure you want to abandon this character and quit the game? (Confirm with "yes".)

#.... .....## #....#
##.....# #.#.# ......#
# #... #.....###.. ...
#..............
.##.###........ ..>.
.[.........# #.... ##
#@[..# ..#......#. .#
#...|###......!...
...##.............#..
.#.##.......#.....#..
..................#..
............#........
#.#.##.......#.....#..
# #. #................
#.###..)............


There were no monsters in sight!

Vanquished Creatures
  A ball python (D:1)
  A bat (D:1)
  An endoplasm (D:1)
  A goblin (D:1)
  A hobgoblin (D:1)
  A frilled lizard (D:1)
  2 rats (D:1)
8 creatures vanquished.

Notes
Turn   | Place    | Note
-------+----------+-------------------------------------------
     0 | D:1      | Colgate the Demonspawn Chaos Knight began the quest for the
                  | Orb.
     0 | D:1      | Reached XP level 1. HP: 18/18 MP: 1/1
    93 | D:1      | XOM: potion effect (brilliance)
   119 | D:1      | XOM: divination: magic mapping
   153 | D:1      | XOM: silly message
   161 | D:1      | Gained mutation: You are partially covered in slimy green
                  | scales. (AC +2) [demonic ancestry]
   161 | D:1      | Reached XP level 2. HP: 24/24 MP: 2/2
   161 | D:1      | Quit the game

Illustrated notes

Levels and vault maps discovered:
D:1:      minmay_arrival_floating_metal, layout_rooms,
          shapermc_ecumenical_altar_pompeii, corner_web_ring,
          serial_park_tiny_pond, minmay_misc_feat_tiny

Skill      XL: |  1 |
---------------+----+-----
Polearms       | 3 |  3.2
Fighting       | |  3.0
Armour         | |  1.7
Dodging        | |  0.8

Action                     || total
---------------------------++-------
  Melee: Spear             ||    14
 Armour: Leather armour    ||     5
  Dodge: Dodged            ||     3
